 Dungeon Crawl Stone Soup version 0.21.1-1-g345015f (webtiles) character file.

135 Lanoc the Cudgeler (level 4, -5/67 HPs)
             Began as a Troll Berserker on Mar 20, 2018.
             Was a Priest of Trog.
             Slain by Mirai's ghost (16 damage)
             ... on level 3 of the Dungeon.
             The game lasted 00:03:59 (1630 turns).

Lanoc the Cudgeler (Troll Berserker)                Turns: 1630, Time: 00:04:00

Health: -5/67      AC:  5    Str: 30    XL:     4   Next: 97%
Magic:  12/12      EV: 10    Int:  3    God:    Trog [***...]
Gold:   94         SH:  0    Dex: 10    Spells: 3/3 levels left

rFire    . . .     SeeInvis .   a - +0 mace
rCold    . . .     Gourm    +   (no shield)
rNeg     . . .     Faith    .   b - +0 animal skin
rPois    .         Spirit   .   (helmet restricted)
rElec    .         Reflect  .   (no cloak)
rCorr    .         Harm     .   (gloves unavailable)
MR       .....                  (boots unavailable)
Stlth    ..........             (no amulet)
HPRegen  0.61/turn              i - ring of magical power
MPRegen  0.13/turn              (no ring)

@: berserking (expiring), very quick
A: large, unfitting armour, claws 3, fast metabolism 3, gourmand, regeneration
1, shaggy fur 1, tough skin 2
a: Berserk, Trog's Hand, Burn Spellbooks, Renounce Religion


You were on level 3 of the Dungeon.
You worshipped Trog.
Trog was most pleased with you.
You were very full.

You visited 1 branch of the dungeon, and saw 3 of its levels.

You collected 94 gold pieces.

Inventory:

Hand Weapons
 a - a +0 mace (weapon)
Armour
 b - a +0 animal skin (worn)
Jewellery
 i - a ring of magical power (left claw)
Scrolls
 e - 2 scrolls of teleportation {unknown}
 g - a scroll of fear {unknown}
 h - a scroll of remove curse {unknown}
 j - 3 scrolls of identify {unknown}
 n - a scroll of magic mapping {unknown}
Potions
 d - a potion of degeneration {unknown}
 f - 3 potions of ambrosia {unknown}
 k - a potion of brilliance {unknown}
 l - a potion of curing {unknown}
 o - a potion of might {unknown}
Comestibles
 c - 4 rations
 m - 13 chunks of flesh


   Skills:
 + Level 3.1 Fighting
 * Level 4.1 Maces & Flails
 + Level 3.1 Dodging


You had 3 spell levels left.
You didn't know any spells.

Dungeon Overview and Level Annotations

Branches:
Dungeon (3/15)

Altars:
Cheibriados
Dithmenos
Uskayaw
Yredelemnul

Annotations:
D:3 Mirai's ghost, amateur MiFi


Innate Abilities, Weirdness & Mutations

You are too large for most types of armour.
You have claws for hands.
Your metabolism is lightning-fast.
You like to eat raw meat.
Your natural rate of healing is unusually fast.
You are covered in fur. (AC +1)
You have very tough skin. (AC +2)


Message History

You closely miss Mirai's ghost. Mirai's ghost hits you!
You barely miss Mirai's ghost. Mirai's ghost hits you.
You sock Mirai's ghost!
Mirai's ghost is lightly damaged.
Mirai's ghost ripples.
Mirai's ghost completely misses you.
You sock Mirai's ghost!
Mirai's ghost is moderately damaged.
Mirai's ghost hits you!
* * * LOW HITPOINT WARNING * * *
You sock Mirai's ghost!
Mirai's ghost is heavily damaged.
You sock Mirai's ghost!
Mirai's ghost is severely damaged.
Mirai's ghost hits you!
* * * LOW HITPOINT WARNING * * *
You sock Mirai's ghost!
Mirai's ghost is almost destroyed.
Mirai's ghost hits you!
You die...

. ...♣...# .#
#..♣.♣..# ...
#.♣._.♣.########..#.
#..♣.♣..##.....%....
#...♣....#..........
#........#..@W......
# #............####
#.##.........####
#!......#.......#
#..##....#....##...
.#......#....# ##
..............#
.........##...#
.........######


You could see Mirai's ghost.

Vanquished Creatures
  Robin (D:3)
  4 adders
  A worm (D:2)
  2 dart slugs
  A leopard gecko (D:2)
  11 bats
  2 giant cockroaches
  13 goblins
  9 hobgoblins
  7 jackals (D:1)
  2 quokkas (D:2)
  2 ball pythons (D:1)
  8 frilled lizards
  10 kobolds
  3 rats
76 creatures vanquished.

Notes
Turn   | Place    | Note
-------+----------+-------------------------------------------
     0 | D:1      | Lanoc the Troll Berserker began the quest for the Orb.
     0 | D:1      | Reached XP level 1. HP: 22/22 MP: 0/0
    12 | D:1      | Reached skill level 3 in Maces & Flails
    13 | D:1      | Reached XP level 2. HP: 26/29 MP: 1/1
   230 | D:1      | Reached ** piety under Trog
   344 | D:1      | Reached XP level 3. HP: 33/36 MP: 2/2
   895 | D:2      | Found a snail-covered altar of Cheibriados.
   984 | D:2      | Found a shadowy altar of Dithmenos.
   984 | D:2      | Found a hide-covered altar of Uskayaw.
   984 | D:2      | Found a basalt altar of Yredelemnul.
  1146 | D:2      | Reached XP level 4. HP: 27/44 MP: 3/3
  1511 | D:3      | Reached *** piety under Trog
  1555 | D:3      | Noticed Robin
  1570 | D:3      | Reached skill level 4 in Maces & Flails
  1576 | D:3      | Killed Robin
  1610 | D:3      | Found a faded altar of an unknown god.
  1619 | D:3      | Noticed Mirai's ghost (amateur MiFi)
  1630 | D:3      | Slain by Mirai's ghost

Skill      XL: |  1  2  3  4 |
---------------+-------------+-----
Maces & Flails | 3 4 |  4.1
Dodging        | 3 |  3.1
Fighting       | 3 |  3.1

Action                   |  1- 3 |  4- 6 || total
-------------------------+-------+-------++-------
Melee: Mace              |   120 |    78 ||   198
Invok: Berserk           |     2 |     3 ||     5
 Stab: Sleeping          |     1 |       ||     1
  Eat: Chunk             |    16 |     9 ||    25
Armor: Animal skin       |    50 |    35 ||    85
Dodge: Dodged            |   103 |    51 ||   154
